 Dungeon Crawl Stone Soup version 0.30-a0-782-ge64f9170bb (webtiles) character file.

Game seed: 1275365347617387922

231 2tousent the Slasher (level 6, -9/46 HPs)
             Began as a Barachi Warper on Feb 18, 2023.
             Was an Elder of Cheibriados.
             Mangled by an iguana (11 damage)
             ... on level 4 of the Dungeon.
             The game lasted 00:10:48 (3566 turns).

2tousent the Slasher (Barachi Warper)               Turns: 3566, Time: 00:10:48

Health: -9/46      AC:  4    Str: 21    XL:     6   Next: 4%
Magic:  10/10      EV: 12    Int: 25    God:    Cheibriados [****..]
Gold:   181        SH:  0    Dex: 20    Spells: 2/11 levels left

rFire   . . .      SeeInvis .    a - +0 falchion
rCold   . . .      Faith    .    (no shield)
rNeg    . . .      Spirit   .    b - +0 leather armour
rPois   .          Reflect  .    (no helmet)
rElec   .          Harm     .    (no cloak)
rCorr   .          Rampage  .    p - +0 pair of gloves
Will    .....                    (no boots)
Stlth   +                        (no amulet)
HPRegen 0.27/turn                (no ring)
MPRegen 0.12/turn                (no ring)

@: very slow
A: amphibious, slowness 1, strong legs 1, +LOS
a: Hop, Renounce Religion, Bend Time, Temporal Distortion, Slouch


You were on level 4 of the Dungeon.
You worshipped Cheibriados.
Cheibriados was greatly pleased with you.
You visited 1 branch of the dungeon, and saw 4 of its levels.

You collected 181 gold pieces.

Inventory:

Hand Weapons
 a - a +0 falchion (weapon)
 n - a +2 dagger of venom
Missiles
 d - 6 boomerangs of dispersal (quivered)
Armour
 b - a +0 leather armour (worn)
 p - a +0 pair of gloves (worn)
Jewellery
 l - an amulet of reflection
Scrolls
 c - a scroll of blinking
 f - a scroll of summoning {unknown}
 i - a scroll of silence {unknown}
 m - a scroll of teleportation {unknown}
 q - a scroll of enchant weapon {unknown}
 r - a scroll of identify {unknown}
Potions
 e - 2 potions of lignification {unknown}
 g - 5 potions of curing
 h - a potion of ambrosia {unknown}
 j - a potion of degeneration {unknown}
 k - a potion of mutation {unknown}
 o - a potion of berserk rage {unknown}
 s - 2 potions of heal wounds {unknown}


   Skills:
 - Level 2.4 Fighting
 + Level 5.5 Long Blades
 - Level 1.0 Throwing
 - Level 1.2 Armour
 - Level 2.2 Dodging
 - Level 3.0 Spellcasting
 - Level 5.0 Translocations


You had 2 spell levels left.
You knew the following spells:

 Your Spells              Type           Power      Damage    Failure   Level
a - Blink                 Tloc           56%        N/A       2%          2
b - Vhi's Electric Charg  Tloc/Air       32%        N/A       12%         3
c - Manifold Assault      Tloc           28%        N/A       14%         4

Your spell library contained the following spells:

 Spells                   Type           Power      Damage    Failure   Level
 Lesser Beckoning         Tloc           56%        N/A       2%          2
 Summon Small Mammal      Summ           12%        N/A       12%         1
 Ensorcelled Hibernation  Hex/Ice        6%         N/A       17%         2
 Teleport Other           Tloc           28%        N/A       4%          3
 Call Canine Familiar     Summ           3%         N/A       34%         3
 Spider Form              Tmut/Pois      3%         N/A       34%         3
 Summon Guardian Golem    Hex/Summ       3%         N/A       34%         3
 Anguish                  Hex/Necr       1%         N/A       75%         4


Dungeon Overview and Level Annotations

Branches:
Dungeon (4/15)
 Temple: D:4-7

Altars:
Cheibriados

Portals:
Abyss: D:3

Annotations:
D:3 2 transporters, jazmu's ghost, amateur DsHs


Innate Abilities, Weirdness & Mutations

You are amphibious.
You cover ground slowly.
You can hop short distances.
You have an extended range of vision and can be seen from far away.


Message History

You feel sick.
Things that are here:
a +0 whip; 8 poisoned darts You feel sick.
You feel sick.
You feel sick.
You are no longer poisoned.
Magic restored.
You see here a stone.
s - 2 cyan potions (gained 1)
An iguana comes into view.
An iguana is nearby!
The iguana hisses angrily.
The iguana misses you. x2
You hit the iguana.
The iguana is lightly wounded.
The iguana bites you!
You closely miss the iguana.
The iguana is lightly wounded.
The iguana bites you!
You barely miss the iguana.
The iguana is lightly wounded.
The iguana closely misses you.
You hit the iguana.
The iguana is heavily wounded.
The iguana barely misses you.
You closely miss the iguana.
The iguana is heavily wounded.
The iguana bites you!
You hit the iguana but do no damage.
The iguana is heavily wounded.
The iguana bites you!
You hit the iguana.
The iguana is severely wounded.
The iguana bites you!
* * * LOW HITPOINT WARNING * * *
You barely miss the iguana. You punch the iguana, but do no damage.
The iguana is severely wounded.
The iguana bites you!
You die...

#.# ...... #.#
##### #.# #
#.# #######
#.# #....(.
#.. #.#####
#.# #.# # #l#
#.#
#@##########.#
#............#
##############


You could see an iguana.

Vanquished Creatures
  Terence (D:2)
  Robin (D:2)
  10 adders
  An ufetubus (D:2)
  A worm (D:3)
  A dart slug (D:3)
  5 orcs
  6 ball pythons
  2 bats
  3 endoplasms
  5 giant cockroaches
  8 hobgoblins
  6 quokkas
  4 frilled lizards
  21 goblins
  7 kobolds
  5 rats
87 creatures vanquished.

Notes
Turn   | Place    | Note
-------+----------+-------------------------------------------
     0 | D:1      | 2tousent the Barachi Warper began the quest for the Orb.
     0 | D:1      | Reached XP level 1. HP: 17/17 MP: 3/3
     3 | D:1      | You fall into a shaft and drop 1 floor!
     3 | D:2      | Found a faded altar of an unknown god.
     8 | D:2      | Prayed at the altar of an unknown god.
     8 | D:2      | Became a worshipper of Cheibriados the Contemplative
     8 | D:2      | Reached * piety under Cheibriados
    57 | D:2      | Reached XP level 2. HP: 12/23 MP: 5/5
   184 | D:1      | Reached XP level 3. HP: 26/28 MP: 6/6
   355 | D:1      | Reached ** piety under Cheibriados
   382 | D:1      | Learned a level 2 spell: Blink
   611 | D:1      | Learned a level 3 spell: Vhi's Electric Charge
  1161 | D:2      | Reached XP level 4. HP: 34/34 MP: 3/7
  1258 | D:2      | Noticed Robin
  1281 | D:2      | Killed Robin
  1295 | D:2      | Reached *** piety under Cheibriados
  1520 | D:2      | Noticed Terence
  1532 | D:2      | Killed Terence
  1533 | D:2      | Reached XP level 5. HP: 28/39 MP: 6/9
  1538 | D:2      | Learned a level 4 spell: Manifold Assault
  1971 | D:2      | Reached skill level 5 in Translocations
  2464 | D:3      | Found a transporter.
  2473 | D:3      | Found a transporter.
  2555 | D:3      | Found a one-way gate to the infinite horrors of the Abyss.
  2746 | D:3      | Reached skill level 5 in Long Blades
  2922 | D:3      | Reached XP level 6. HP: 41/46 MP: 1/10
  3009 | D:3      | Reached **** piety under Cheibriados
  3067 | D:3      | Found a snail-covered altar of Cheibriados.
  3121 | D:3      | Noticed jazmu's ghost (amateur DsHs)
  3565 | D:4      | HP: 2/46 [iguana (12)]
  3566 | D:4      | Mangled by an iguana

Illustrated notes

Levels and vault maps discovered:
D:1:      ebering_trefoil_twist, layout_loops_ring, st_stairs_9
D:2:      layout_loops_cross, shapermc_ecumenical_altar_mp_highgroup,
          guppyfry_early_orc_mine, uniq_terence, uniq_robin
D:3:      layout_loops_corners, mainiacjoe_overflow_paths,
          gammafunk_ghost_abyssal_escape
D:4:      layout_loops_ring, ebering_dispersal_statue_hall

Skill      XL: |  1  2  3  4  5 |
---------------+----------------+-----
Long Blades    | 3 4 5 |  5.5
Translocations | 4 5 |  5.0
Spellcasting   | 3 |  3.0
Fighting       | |  2.4
Throwing       | |  1.0
Armour         | |  1.2
Dodging        | |  2.2

Action                     |  1- 3 |  4- 6 || total
---------------------------+-------+-------++-------
  Melee: Falchion          |   127 |   211 ||   338
         Punch             |       |     2 ||     2
  Throw: Boomerang         |     1 |       ||     1
   Cast: Vhi's Electric Ch |     1 |     5 ||     6
         Manifold Assault  |       |     4 ||     4
 Invoke: Bend Time         |       |     1 ||     1
Ability: Hop               |       |     1 ||     1
    Use: Potion            |       |     1 ||     1
   Stab: Sleeping          |       |     1 ||     1
 Armour: Leather armour    |    50 |    62 ||   112
  Dodge: Dodged            |    94 |   166 ||   260

Table legend: (Time is in decaauts)
 A = Elapsed time spent in this place.
 B = Non-inter-level travel time spent in this place.
 C = Inter-level travel time spent in this place.
 D = Time resting spent in this place.
 E = Time spent auto-exploring this place.
 F = Levels seen in this place.
 G = Mean time per level.
                   A        B        C        D        E       F      G
               +--------+--------+--------+--------+--------+-----+--------+
         Total |   5560 |   5441 |    119 |     74 |   4546 |   4 | 1390.0 |
       Dungeon |   5560 |   5441 |    119 |     74 |   4546 |   4 | 1390.0 |
               +--------+--------+--------+--------+--------+-----+--------+

Top non-repeatable levels by time:
     D:2: 1986 daAuts
     D:3: 1835 daAuts
     D:1: 1338 daAuts
     D:4: 400 daAuts
